 Dungeon Crawl Stone Soup version 0.23.2-40-g277498a001 (webtiles) character file.

Game seed: 3648270391773283465

30 Descartes the Digger (level 3, -1/26 HPs)
             Began as a Formicid Earth Elementalist on Aug 29, 2019.
             Slain by a bullfrog zombie (5 damage)
             ... on level 2 of the Dungeon.
             The game lasted 00:03:39 (1824 turns).

Descartes the Digger (Formicid Earth Elementalist)  Turns: 1824, Time: 00:03:40

Health: -1/26      AC:  2    Str: 13    XL:     3   Next: 37%
Magic:  1/6        EV: 12    Int: 14    God:
Gold:   82         SH:  0    Dex: 11    Spells: 1/7 levels left

rFire    . . .     SeeInvis +   e - +0 dagger
rCold    . . .     Gourm    .   (no shield)
rNeg     . . .     Faith    .   c - +0 robe
rPois    .         Spirit   .   (helmet unavailable)
rElec    .         Reflect  .   (no cloak)
rCorr    .         Harm     .   (no gloves)
MR       .....                  (no boots)
Stlth    ++........             (no amulet)
HPRegen  0.08/turn              (no ring)
MPRegen  0.10/turn              (no ring)

@: no status effects
A: permanent stasis, dig shafts and tunnels, four strong arms, antennae 3
a: Dig, Shaft Self


You were on level 2 of the Dungeon.
You were not hungry.

You visited 1 branch of the dungeon, and saw 2 of its levels.

You collected 82 gold pieces.

Inventory:

Hand Weapons
 e - a +0 dagger (weapon)
Missiles
 b - 12 stones (quivered)
 h - 16 bolts
 o - 13 arrows
Armour
 c - a +0 robe (worn)
 m - a +0 leather armour
Jewellery
 k - an uncursed ring of resist corrosion {unknown}
Scrolls
 i - 2 scrolls of remove curse {unknown}
 j - a scroll of teleportation {unknown}
 n - 3 scrolls of identify {unknown}
Potions
 a - a potion of ambrosia {unknown}
 f - 2 potions of brilliance {unknown}
 g - 3 potions of curing {unknown}
 l - a potion of haste {unknown}
 p - a potion of heal wounds {unknown}
 q - a potion of flight {unknown}
Comestibles
 d - 3 rations


   Skills:
 + Level 1.0 Fighting
 + Level 1.0 Armour
 + Level 2.0 Dodging
 + Level 2.8 Stealth
 + Level 2.5 Spellcasting
 + Level 0.0 Conjurations
 + Level 1.1 Transmutations
 + Level 3.9 Earth Magic


You had one spell level left.
You knew the following spells:

 Your Spells              Type           Power        Failure   Level  Hunger
a - Sandblast             Erth           ##....       4%          1    #......
b - Passwall              Tmut/Erth      #.......     12%         2    ###....
c - Stone Arrow           Conj/Erth      #.....       30%         3    ###....

Your spell library contained the following spells:

 Spells                   Type           Power        Failure   Level  Hunger
 Petrify                  Tmut/Erth      #.......     63%         4    #####..
 Lee's Rapid Deconstruct  Erth           ##........   77%         5    ######.


Dungeon Overview and Level Annotations

Branches:
Dungeon (2/15)

Altars:


Innate Abilities, Weirdness & Mutations

You cannot be hasted, slowed, berserked, paralysed or teleported.
You can dig through walls and to a lower floor.
Your four strong arms can wield two-handed weapons with a shield.
You have a pair of large antennae on your head. (SInv)


Message History

You hit the bullfrog zombie but do no damage.
The bullfrog zombie is heavily damaged.
The bullfrog zombie hits you.
You hit the bullfrog zombie but do no damage.
The bullfrog zombie is heavily damaged.
The bullfrog zombie misses you.
You hit the bullfrog zombie.
The bullfrog zombie is severely damaged.
The bullfrog zombie closely misses you.
You hit the bullfrog zombie.
The bullfrog zombie is severely damaged.
The bullfrog zombie hits you. The bullfrog zombie closely misses you.
You hit the bullfrog zombie.
The bullfrog zombie is severely damaged.
The bullfrog zombie hits you.
* * * LOW HITPOINT WARNING * * *
You hit the bullfrog zombie.
The bullfrog zombie is almost destroyed.
The bullfrog zombie hits you.
You die...

#.#.##.........# ##.
#.#.##.........#########.
#.#......................
#.#####........####...###
##.#####........####......
...................'......
.#.######.##########......
#.# #...### #@# #......
#Z# ####... #.# #... #.#
#... #.# #... #.# #... ...
#... ... #... .....{ #...


You could see a bullfrog zombie.

Vanquished Creatures
  An ooze (D:2)
  2 dart slugs
  A leopard gecko (D:1)
  A giant cockroach (D:2)
  A goblin (D:1)
  3 hobgoblins (D:1)
  4 jackals (D:1)
  2 bats (D:2)
  3 frilled lizards
  2 rats
20 creatures vanquished.

Notes
Turn   | Place    | Note
-------+----------+-------------------------------------------
     0 | D:1      | Descartes the Formicid Earth Elementalist began the quest
                  | for the Orb.
     0 | D:1      | Reached XP level 1. HP: 13/13 MP: 3/3
    97 | D:1      | Reached XP level 2. HP: 20/20 MP: 0/5
  1352 | D:2      | Learned a level 2 spell: Passwall
  1400 | D:2      | Reached skill level 1 in Armour
  1400 | D:2      | Reached XP level 3. HP: 25/25 MP: 3/6
  1433 | D:2      | Learned a level 3 spell: Stone Arrow
  1462 | D:2      | Reached skill level 1 in Fighting
  1824 | D:2      | Slain by a bullfrog zombie

Skill      XL: |  1  2  3 |
---------------+----------+-----
Armour         | 1 |  1.0
Dodging        | 2 |  2.0
Fighting       | 1 |  1.0
Stealth        | |  2.8
Spellcasting   | |  2.5
Transmutations | |  1.1
Earth Magic    | |  3.9

Action                   || total
-------------------------++-------
Melee: Unarmed           ||     7
       Dagger            ||    48
 Cast: Sandblast         ||    28
       Stone Arrow       ||     2
  Eat: Chunk             ||     3
Armor: Robe              ||     7
Dodge: Dodged            ||    38
